New York Rangers vs Boston Bruins
Created - Sunday, June 18, 2023 at 07:02
Goals
|
| New York Rangers |
0 |
2 |
2 |
4 |
| Boston Bruins |
0 |
3 |
0 |
3 |
|
Shots
|
| New York Rangers |
8 |
15 |
13 |
36 |
| Boston Bruins |
10 |
12 |
17 |
39 |
|
1st period
No Goal
Penalties :
Pierre-Luc Dubois (NYR) for Roughing (Minor) at 3:55, Pierre-Luc Dubois (NYR) for Tripping (Minor) at 10:18, Matt Grzelcyk (BOS) for Hooking (Minor) at 15:54
2nd period
1. New York Rangers , Patrice Bergeron 37 (T.J. Oshie 17, Pierre-Luc Dubois 36) at 3:18
2. New York Rangers , Conor Garland 15 (Andre Burakovsky 23, David Kampf 9) at 11:50
3. Boston Bruins , Ryan Donato 20 (Tyson Barrie 23) at 16:41
4. Boston Bruins , Phil Kessel 31 (Tyson Barrie 24, Vincent Trocheck 46) at 18:35
5. Boston Bruins , Vincent Trocheck 30 (Phil Kessel 41) at 19:34 (PP)
Penalties :
Matt Benning (NYR) for Roughing (Minor) at 6:53, Conor Garland (NYR) for Roughing (Double Minor) at 19:08
3rd period
6. New York Rangers , Carl Hagelin 3 (Eric Robinson 6) at 13:10
7. New York Rangers , Carl Hagelin 4 (Eric Robinson 7, Mark Giordano 12) at 14:10
Penalties :
Samuel Girard (BOS) for High sticking (Minor) at 8:14
Goalie Stats
Igor Shesterkin (NYR), 36 saves from 39 shots - (0.923), W, 28-22-3, 60:00 minutes
David Rittich (BOS), 32 saves from 36 shots - (0.889), L, 12-29-6, 59:05 minutes
Players Stats for New York Rangers
Player Name G A P +/- PIM S H SB GA TA FO MP PP MP PK MP
------------------------------------------------------------------------------------
Adam Larsson 0 0 0 1 0 2 3 0 0 3 0/0 23:34 2:08 4:09
Andre Burakovsky 0 1 1 0 0 2 1 0 0 0 0/0 12:02 0:00 0:00
Blake Wheeler 0 0 0 0 0 5 2 0 0 0 2/5 19:52 1:58 3:56
Cam Fowler 0 0 0 1 0 1 1 1 0 0 0/0 23:34 2:08 4:09
Carl Hagelin 2 0 2 2 0 3 2 0 0 0 0/0 9:28 0:00 0:18
Conor Garland 1 0 1 0 4 5 2 0 1 1 0/0 12:54 0:00 0:33
David Kampf 0 1 1 0 0 1 2 0 0 0 2/8 11:50 0:00 0:00
Dmitry Kulikov 0 0 0 1 0 0 1 0 0 1 0/0 13:18 0:00 0:00
Eric Robinson 0 2 2 2 0 3 0 2 1 0 0/1 8:58 0:00 0:00
Jake McCabe 0 0 0 0 0 1 2 2 0 0 0/0 23:08 1:50 4:13
Mark Giordano 0 1 1 0 0 0 1 4 0 0 0/0 23:08 1:50 4:13
Matt Benning 0 0 0 1 2 1 1 1 0 0 0/0 13:27 0:00 0:00
Mikael Granlund 0 0 0 0 0 3 1 3 2 0 1/2 19:52 1:58 3:56
Nathan MacKinnon 0 0 0 0 0 1 2 0 2 0 10/21 19:37 1:58 3:53
Patrice Bergeron 1 0 1 0 0 5 1 0 0 1 14/18 18:38 2:00 4:08
Pierre-Luc Dubois 0 1 1 0 4 2 1 1 1 0 0/1 14:56 2:00 0:00
T.J. Oshie 0 1 1 0 0 1 1 0 0 0 1/1 14:20 2:00 0:00
Tyler Motte 0 0 0 2 0 0 1 1 0 0 0/4 8:58 0:00 0:00
Players Stats for Boston Bruins
Player Name G A P +/- PIM S H SB GA TA FO MP PP MP PK MP
------------------------------------------------------------------------------------
Anthony Beauvillier 0 0 0 -1 0 2 0 0 0 0 1/2 13:07 0:00 0:09
Brandon Hagel 0 0 0 0 0 2 1 0 1 1 2/3 15:51 0:53 0:00
Brock McGinn 0 0 0 -1 0 0 0 0 0 1 0/0 11:47 0:00 0:00
Charlie McAvoy 0 0 0 -2 0 4 1 1 0 1 0/0 24:34 4:12 2:01
Danton Heinen 0 0 0 0 0 0 1 1 0 0 0/0 9:01 0:00 0:00
Joel Farabee 0 0 0 -1 0 3 1 0 0 0 0/0 18:06 4:10 1:51
Joonas Donskoi 0 0 0 0 0 2 0 0 0 0 0/0 5:30 1:57 0:00
Jordan Spence 0 0 0 1 0 2 1 2 0 0 0/0 16:05 0:26 0:00
Mason Appleton 0 0 0 0 0 3 0 0 0 0 0/1 16:28 1:20 0:00
Matt Grzelcyk 0 0 0 -1 2 1 1 3 0 0 0/0 18:41 3:36 0:50
Morgan Geekie 0 0 0 0 0 3 3 0 1 0 1/2 9:01 0:00 0:00
Pavel Zacha 0 0 0 -2 0 2 3 0 1 0 10/19 19:20 4:12 1:51
Phil Kessel 1 1 2 0 0 4 2 0 0 2 1/2 20:57 4:12 1:58
Ryan Donato 1 0 1 -1 0 3 2 1 1 0 4/13 15:50 4:10 0:09
Samuel Girard 0 0 0 -2 2 1 0 1 1 2 0/0 23:02 4:12 1:11
Tyson Barrie 0 2 2 1 0 2 0 1 0 0 0/0 21:29 3:44 1:57
Victor Mete 0 0 0 -1 0 1 0 1 0 0 0/0 16:14 0:34 1:57
Vincent Trocheck 1 1 2 0 0 4 1 1 1 0 12/19 20:57 4:12 1:58
3 Stars
1 - Carl Hagelin (NYR)
2 - Eric Robinson (NYR)
3 - Phil Kessel (BOS)
Power Play
New York Rangers - 0 on 2 Attempt(s) - 0.00%
Boston Bruins - 1 on 5 Attempt(s) - 20.00%
Penalty Kill
New York Rangers - 4 on 5 Attempt(s) - 80.00%
- Score 0 goal in Penalty Kill
Boston Bruins - 2 on 2 Attempt(s) - 100.00%
- Score 0 goal in Penalty Kill
Team Stat
New York Rangers - Hits : 25 - Faceoff Wins : 30 - Blocked Shots : 15 - Penalty Minutes : 10
Boston Bruins - Hits : 17 - Faceoff Wins : 31 - Blocked Shots : 12 - Penalty Minutes : 4
Official
Referees : Greg Kimmerly and Wes McCauley
Linesman : John Grandt and David Brisebois
Game Notes
Joonas Donskoi is injured at 2:07 of 2nd period (Strained Right Knee)
Finance
Level 1 -- Attendance: 4895 (81.58%) -- Ticket Income $489,500
Level 2 -- Attendance: 3295 (65.90%) -- Ticket Income $197,700
Level 3 -- Attendance: 2023 (67.43%) -- Ticket Income $70,805
Level 4 -- Attendance: 3258 (65.16%) -- Ticket Income $81,450
Luxury Box -- Attendance: 706 (70.60%) -- Ticket Income $141,200
Game was played at the TD Garden.
Total Attendance: 14177 (70.89%)
Total Ticket Income: $980,655
Other Income: $343,229
Total Income: $1,323,884
New York Rangers
5 vs 5 Forward
Center Left Wing Right Wing Time % Phy DF OF
1 Nathan MacKinnon Mikael Granlund Blake Wheeler 30 1 2 2
2 Patrice Bergeron Pierre-Luc Dubois T.J. Oshie 30 1 2 2
3 David Kampf Andre Burakovsky Conor Garland 25 1 2 2
4 Tyler Motte Carl Hagelin Eric Robinson 15 1 2 2
5 vs 5 Defense
Defense Defense Time % Phy DF OF
1 Cam Fowler Adam Larsson 35 1 2 2
2 Mark Giordano Jake McCabe 35 1 2 2
3 Dmitry Kulikov Matt Benning 30 1 2 2
4 Cam Fowler Adam Larsson 0 1 2 2
PowerPlay Forward
Center Left Wing Right Wing Time % Phy DF OF
1 Nathan MacKinnon Mikael Granlund Blake Wheeler 50 1 2 2
2 Patrice Bergeron Pierre-Luc Dubois T.J. Oshie 50 1 2 2
PowerPlay Defense
Defense Defense Time % Phy DF OF
1 Cam Fowler Adam Larsson 50 1 2 2
2 Mark Giordano Jake McCabe 50 1 2 2
Penalty Kill 4 Players Forward
Center Wing Time % Phy DF OF
1 Nathan MacKinnon Patrice Bergeron 50 1 2 2
2 Mikael Granlund Blake Wheeler 50 1 2 2
Penalty Kill 4 Players Defense
Defense Defense Time % Phy DF OF
1 Cam Fowler Adam Larsson 50 1 2 2
2 Mark Giordano Jake McCabe 50 1 2 2
Penalty Kill - 3 Players Forward
Forward Time % Phy DF OF
1 Nathan MacKinnon 50 1 2 2
2 Patrice Bergeron 50 1 2 2
Penalty Kill - 3 Players Defense
Defense Defense Time % Phy DF OF
1 Cam Fowler Adam Larsson 50 1 2 2
2 Mark Giordano Jake McCabe 50 1 2 2
4 vs 4 Forward
Center Wing Time % Phy DF OF
1 Nathan MacKinnon Patrice Bergeron 50 1 2 2
2 Mikael Granlund Blake Wheeler 50 1 2 2
4 vs 4 Defense
Defense Defense Time % Phy DF OF
1 Cam Fowler Adam Larsson 50 1 2 2
2 Mark Giordano Jake McCabe 50 1 2 2
Last Minutes Offensive
Center Left Wing Right Wing Defense Defense
Nathan MacKinnon Mikael Granlund Blake Wheeler Cam Fowler Adam Larsson
Last Minutes Defensive
Center Left Wing Right Wing Defense Defense
Nathan MacKinnon Mikael Granlund Blake Wheeler Cam Fowler Adam Larsson
Goaltenders
Starting : Igor Shesterkin
Backup : Tristan Jarry
Extra Forwards
Normal : Carl Hagelin, Andre Burakovsky, Conor Garland - PP : Carl Hagelin, Andre Burakovsky - PK : Conor Garland
Extra Defensemen
Normal : Dmitry Kulikov, Matt Benning, Mark Giordano - PP : Dmitry Kulikov - PK : Matt Benning, Mark Giordano
Penalty Shots
Nathan MacKinnon, Patrice Bergeron, Mikael Granlund, Blake Wheeler, Pierre-Luc Dubois
Boston Bruins
5 vs 5 Forward
Center Left Wing Right Wing Time % Phy DF OF
1 Vincent Trocheck Phil Kessel Brandon Hagel 30 1 2 2
2 Pavel Zacha Joel Farabee Anthony Beauvillier 30 1 2 2
3 Ryan Donato Joonas Donskoi Brock McGinn 25 1 2 2
4 Morgan Geekie Danton Heinen Mason Appleton 15 1 2 2
5 vs 5 Defense
Defense Defense Time % Phy DF OF
1 Charlie McAvoy Samuel Girard 35 1 2 2
2 Tyson Barrie Jordan Spence 35 1 2 2
3 Matt Grzelcyk Victor Mete 30 1 2 2
4 Charlie McAvoy Samuel Girard 0 1 2 2
PowerPlay Forward
Center Left Wing Right Wing Time % Phy DF OF
1 Vincent Trocheck Pavel Zacha Phil Kessel 50 1 2 2
2 Ryan Donato Joel Farabee Joonas Donskoi 50 1 2 2
PowerPlay Defense
Defense Defense Time % Phy DF OF
1 Charlie McAvoy Samuel Girard 50 1 2 2
2 Tyson Barrie Matt Grzelcyk 50 1 2 2
Penalty Kill 4 Players Forward
Center Wing Time % Phy DF OF
1 Vincent Trocheck Phil Kessel 50 1 2 2
2 Pavel Zacha Joel Farabee 50 1 2 2
Penalty Kill 4 Players Defense
Defense Defense Time % Phy DF OF
1 Charlie McAvoy Samuel Girard 50 1 2 2
2 Tyson Barrie Victor Mete 50 1 2 2
Penalty Kill - 3 Players Forward
Forward Time % Phy DF OF
1 Vincent Trocheck 50 1 2 2
2 Phil Kessel 50 1 2 2
Penalty Kill - 3 Players Defense
Defense Defense Time % Phy DF OF
1 Charlie McAvoy Samuel Girard 50 1 2 2
2 Tyson Barrie Victor Mete 50 1 2 2
4 vs 4 Forward
Center Wing Time % Phy DF OF
1 Vincent Trocheck Phil Kessel 50 1 2 2
2 Pavel Zacha Joel Farabee 50 1 2 2
4 vs 4 Defense
Defense Defense Time % Phy DF OF
1 Charlie McAvoy Samuel Girard 50 1 2 2
2 Tyson Barrie Matt Grzelcyk 50 1 2 2
Last Minutes Offensive
Center Left Wing Right Wing Defense Defense
Vincent Trocheck Pavel Zacha Phil Kessel Charlie McAvoy Samuel Girard
Last Minutes Defensive
Center Left Wing Right Wing Defense Defense
Vincent Trocheck Pavel Zacha Phil Kessel Charlie McAvoy Samuel Girard
Goaltenders
Starting : David Rittich
Backup : Pyotr Kochetkov
Extra Forwards
Normal : Mason Appleton, Brandon Hagel, Anthony Beauvillier - PP : Mason Appleton, Brandon Hagel - PK : Anthony Beauvillier
Extra Defensemen
Normal : Matt Grzelcyk, Victor Mete, Tyson Barrie - PP : Matt Grzelcyk - PK : Victor Mete, Tyson Barrie
Penalty Shots
Vincent Trocheck, Phil Kessel, Pavel Zacha, Joel Farabee, Brandon Hagel
% Time on Ice - New York Rangers
Lines # - Real PCT - Wanted PCT - Time Play
Normal Forward
1 - 27% - 30% - 12:45
2 - 28% - 30% - 13:06
3 - 25% - 25% - 11:50
4 - 19% - 15% - 8:58
Normal Defense
1 - 35% - 35% - 16:16
2 - 37% - 35% - 17:05
3 - 29% - 30% - 13:18
4 - 0% - 0% - 0:00
PP Forward
1 - 50% - 50% - 1:58
2 - 50% - 50% - 2:00
PP Defense
1 - 54% - 50% - 2:08
2 - 46% - 50% - 1:50
PK Forward
1 - 49% - 50% - 4:08
2 - 51% - 50% - 4:14
PK Defense
1 - 50% - 50% - 4:09
2 - 50% - 50% - 4:13
PK3 Forward
1 - 0% - 50%
2 - 0% - 50%
PK3 Defense
1 - 0% - 50%
2 - 0% - 50%
44 Forward
1 - 0% - 50%
2 - 0% - 50%
44 Defense
1 - 0% - 50%
2 - 0% - 50%
Last Minute Offensive - 0:00
Last Minute Defensive - 1:01
Total
Forward - 60:00
Defense - 60:00
|
% Time on Ice - Boston Bruins
Lines # - Real PCT - Wanted PCT - Time Play
Normal Forward
1 - 30% - 30% - 13:49
2 - 26% - 30% - 12:05
3 - 25% - 25% - 11:47
4 - 19% - 15% - 9:01
Normal Defense
1 - 36% - 35% - 16:42
2 - 35% - 35% - 16:24
3 - 29% - 30% - 13:36
4 - 0% - 0% - 0:00
PP Forward
1 - 50% - 50% - 4:12
2 - 50% - 50% - 4:10
PP Defense
1 - 50% - 50% - 4:12
2 - 50% - 50% - 4:10
PK Forward
1 - 50% - 50% - 1:58
2 - 50% - 50% - 2:00
PK Defense
1 - 51% - 50% - 2:01
2 - 49% - 50% - 1:57
PK3 Forward
1 - 0% - 50%
2 - 0% - 50%
PK3 Defense
1 - 0% - 50%
2 - 0% - 50%
44 Forward
1 - 0% - 50%
2 - 0% - 50%
44 Defense
1 - 0% - 50%
2 - 0% - 50%
Last Minute Offensive - 0:58
Last Minute Defensive - 0:00
Total
Forward - 60:00
Defense - 60:00
|
Play-by-Play
1st period
0:01 of 1st period - Brandon Hagel wins face-off versus Nathan MacKinnon in neutral zone.
0:04 of 1st period - Snap shot by Vincent Trocheck.
0:04 of 1st period - Stopped by Igor Shesterkin without a rebound.
0:05 of 1st period - Vincent Trocheck wins face-off versus Nathan MacKinnon in New York Rangers zone.
0:16 of 1st period - Snap shot by Charlie McAvoy.
0:16 of 1st period - Deflect By Cam Fowler.
0:16 of 1st period - Stopped by Igor Shesterkin without a rebound.
0:17 of 1st period - Patrice Bergeron wins face-off versus Pavel Zacha in New York Rangers zone.
0:21 of 1st period - Off-side.
0:22 of 1st period - Pavel Zacha wins face-off versus Patrice Bergeron in neutral zone.
0:51 of 1st period - Slapshot by Joonas Donskoi.
0:51 of 1st period - Shot Misses the Net.
0:53 of 1st period - Slapshot by Tyson Barrie.
0:53 of 1st period - Stopped by Igor Shesterkin with a rebound.
1:29 of 1st period - Jake McCabe is hit by Matt Grzelcyk and loses puck.
1:56 of 1st period - Snap shot by Patrice Bergeron.
1:56 of 1st period - Stopped by David Rittich with a rebound.
2:28 of 1st period - Matt Benning is hit by Charlie McAvoy and loses puck.
2:41 of 1st period - Jordan Spence is hit by Carl Hagelin and loses puck.
2:45 of 1st period - Icing by Jordan Spence.
2:46 of 1st period - Morgan Geekie wins face-off versus Nathan MacKinnon in Boston Bruins zone.
3:05 of 1st period - Snap shot by Morgan Geekie.
3:05 of 1st period - Shot Misses the Net.
3:07 of 1st period - Slapshot by Jordan Spence.
3:07 of 1st period - Shot Blocked by Mikael Granlund.
3:52 of 1st period - Wrist shot by Morgan Geekie.
3:52 of 1st period - Stopped by Igor Shesterkin without a rebound.
3:53 of 1st period - Patrice Bergeron wins face-off versus Vincent Trocheck in New York Rangers zone.
3:55 of 1st period - Minor Penalty to Pierre-Luc Dubois for Roughing.
3:56 of 1st period - Vincent Trocheck wins face-off versus Nathan MacKinnon in New York Rangers zone.
4:42 of 1st period - Jake McCabe is hit by Pavel Zacha and loses puck.
5:55 of 1st period - Penalty to Pierre-Luc Dubois is over, Pierre-Luc Dubois is back on ice.
5:55 of 1st period - Mark Giordano is hit by Phil Kessel.
6:10 of 1st period - Snap shot by Morgan Geekie.
6:10 of 1st period - Shot Blocked by Matt Benning.
6:12 of 1st period - Snap shot by Matt Grzelcyk.
6:12 of 1st period - Shot Misses the Net.
6:14 of 1st period - Wrist shot by Morgan Geekie.
6:14 of 1st period - Stopped by Igor Shesterkin with a rebound.
7:37 of 1st period - Icing by Vincent Trocheck.
7:38 of 1st period - Brandon Hagel wins face-off versus David Kampf in Boston Bruins zone.
7:38 of 1st period - Brandon Hagel is hit by Conor Garland.
7:58 of 1st period - Slapshot by Nathan MacKinnon.
7:58 of 1st period - Stopped by David Rittich with a rebound.
8:00 of 1st period - Wrist shot by Mikael Granlund.
8:00 of 1st period - Stopped by David Rittich with a rebound.
8:58 of 1st period - Wrist shot by Andre Burakovsky.
8:58 of 1st period - Shot Blocked by Charlie McAvoy.
9:26 of 1st period - Snap shot by Blake Wheeler.
9:26 of 1st period - Deflect By Pavel Zacha.
9:26 of 1st period - Shot Misses the Net.
9:26 of 1st period - Puck is out of play.
9:27 of 1st period - Vincent Trocheck wins face-off versus Patrice Bergeron in Boston Bruins zone.
9:53 of 1st period - Tyson Barrie is hit by Conor Garland and loses puck.
10:00 of 1st period - Snap shot by Andre Burakovsky.
10:00 of 1st period - Deflect By David Kampf.
10:00 of 1st period - Stopped by David Rittich without a rebound.
10:01 of 1st period - Patrice Bergeron wins face-off versus Pavel Zacha in Boston Bruins zone.
10:04 of 1st period - Snap shot by Patrice Bergeron.
10:04 of 1st period - Deflect By T.J. Oshie.
10:04 of 1st period - Shot Misses the Net.
10:04 of 1st period - Puck is out of play.
10:05 of 1st period - Patrice Bergeron wins face-off versus Pavel Zacha in Boston Bruins zone.
10:15 of 1st period - Off-side.
10:16 of 1st period - Patrice Bergeron wins face-off versus Vincent Trocheck in neutral zone.
10:18 of 1st period - Minor Penalty to Pierre-Luc Dubois for Tripping.
10:19 of 1st period - Nathan MacKinnon wins face-off versus Ryan Donato in New York Rangers zone.
10:31 of 1st period - Slapshot by Joel Farabee.
10:31 of 1st period - Stopped by Igor Shesterkin with a rebound.
10:33 of 1st period - Snap shot by Joonas Donskoi.
10:33 of 1st period - Stopped by Igor Shesterkin with a rebound.
10:35 of 1st period - Wrist shot by Ryan Donato.
10:35 of 1st period - Shot Misses the Net.
12:18 of 1st period - Penalty to Pierre-Luc Dubois is over, Pierre-Luc Dubois is back on ice.
13:15 of 1st period - Wrist shot by Andre Burakovsky.
13:15 of 1st period - Stopped by David Rittich with a rebound.
13:47 of 1st period - Icing by Matt Benning.
13:48 of 1st period - Pavel Zacha wins face-off versus Blake Wheeler in New York Rangers zone.
15:05 of 1st period - Icing by Tyson Barrie.
15:06 of 1st period - David Kampf wins face-off versus Pavel Zacha in Boston Bruins zone.
15:11 of 1st period - Wrist shot by Conor Garland.
15:11 of 1st period - Stopped by David Rittich without a rebound.
15:12 of 1st period - Patrice Bergeron wins face-off versus Brandon Hagel in Boston Bruins zone.
15:54 of 1st period - Minor Penalty to Matt Grzelcyk for Hooking.
15:55 of 1st period - Nathan MacKinnon wins face-off versus Vincent Trocheck in Boston Bruins zone.
17:54 of 1st period - Penalty to Matt Grzelcyk is over, Matt Grzelcyk is back on ice.
18:08 of 1st period - Snap shot by Joonas Donskoi.
18:08 of 1st period - Shot Blocked by Mark Giordano.
18:10 of 1st period - Wrist shot by Joonas Donskoi.
18:10 of 1st period - Stopped by Igor Shesterkin with a rebound.
18:12 of 1st period - Snap shot by Brock McGinn.
18:12 of 1st period - Shot Blocked by Mark Giordano.
18:14 of 1st period - Slapshot by Matt Grzelcyk.
18:14 of 1st period - Stopped by Igor Shesterkin with a rebound.
18:16 of 1st period - Wrist shot by Ryan Donato.
18:16 of 1st period - Stopped by Igor Shesterkin with a rebound.
18:36 of 1st period - Wrist shot by Eric Robinson.
18:36 of 1st period - Stopped by David Rittich without a rebound.
18:37 of 1st period - Pavel Zacha wins face-off versus Tyler Motte in Boston Bruins zone.
18:49 of 1st period - Slapshot by Eric Robinson.
18:49 of 1st period - Stopped by David Rittich with a rebound.
19:03 of 1st period - Charlie McAvoy is hit by Adam Larsson and loses puck.
19:23 of 1st period - Off-side.
19:24 of 1st period - Blake Wheeler wins face-off versus Phil Kessel in neutral zone.
Goals for this period are 0 for New York Rangers vs 0 for Boston Bruins.
Shots for this period are 8 for New York Rangers vs 10 for Boston Bruins.
2nd period
0:01 of 2nd period - Patrice Bergeron wins face-off versus Pavel Zacha in neutral zone.
0:26 of 2nd period - Phil Kessel is hit by Blake Wheeler.
0:51 of 2nd period - Slapshot by Cam Fowler.
0:51 of 2nd period - Stopped by David Rittich with a rebound.
0:53 of 2nd period - Snap shot by Andre Burakovsky.
0:53 of 2nd period - Shot Misses the Net.
0:55 of 2nd period - Snap shot by Conor Garland.
0:55 of 2nd period - Shot Misses the Net.
1:09 of 2nd period - Wrist shot by T.J. Oshie.
1:09 of 2nd period - Stopped by David Rittich with a rebound.
2:06 of 2nd period - Joonas Donskoi is hit by Andre Burakovsky and loses puck.
2:07 of 2nd period - Joonas Donskoi from Boston Bruins is injured at 2:07 of 2nd period (Strained Right Knee).
2:08 of 2nd period - Patrice Bergeron wins face-off versus Pavel Zacha in Boston Bruins zone.
2:15 of 2nd period - Slapshot by T.J. Oshie.
2:15 of 2nd period - Shot Misses the Net.
2:21 of 2nd period - Slapshot by Pierre-Luc Dubois.
2:21 of 2nd period - Stopped by David Rittich with a rebound.
2:23 of 2nd period - Snap shot by Patrice Bergeron.
2:23 of 2nd period - Stopped by David Rittich with a rebound.
2:25 of 2nd period - Wrist shot by T.J. Oshie.
2:25 of 2nd period - Shot Misses the Net.
2:35 of 2nd period - Samuel Girard is hit by Jake McCabe and loses puck.
3:00 of 2nd period - Slapshot by Charlie McAvoy.
3:00 of 2nd period - Stopped by Igor Shesterkin without a rebound.
3:01 of 2nd period - Patrice Bergeron wins face-off versus Ryan Donato in New York Rangers zone.
3:12 of 2nd period - Wrist shot by T.J. Oshie.
3:12 of 2nd period - Shot Misses the Net.
3:14 of 2nd period - Wrist shot by T.J. Oshie.
3:14 of 2nd period - Shot Misses the Net.
3:16 of 2nd period - Snap shot by T.J. Oshie.
3:16 of 2nd period - Shot Blocked by Matt Grzelcyk.
3:18 of 2nd period - Slapshot by Patrice Bergeron.
3:18 of 2nd period - Goal by Patrice Bergeron - New York Rangers : 1 - Boston Bruins : 0.
3:19 of 2nd period - Pavel Zacha wins face-off versus Patrice Bergeron in neutral zone.
3:30 of 2nd period - Slapshot by Pavel Zacha.
3:30 of 2nd period - Shot Blocked by Mark Giordano.
3:36 of 2nd period - Snap shot by Pierre-Luc Dubois.
3:36 of 2nd period - Shot Blocked by Samuel Girard.
3:46 of 2nd period - Brandon Hagel is hit by Mikael Granlund and loses puck.
3:53 of 2nd period - Snap shot by Blake Wheeler.
3:53 of 2nd period - Stopped by David Rittich with a rebound.
3:55 of 2nd period - Wrist shot by Cam Fowler.
3:55 of 2nd period - Deflect By Mikael Granlund.
3:55 of 2nd period - Stopped by David Rittich with a rebound.
3:57 of 2nd period - Snap shot by Blake Wheeler.
3:57 of 2nd period - Shot Misses the Net.
4:14 of 2nd period - Charlie McAvoy is hit by David Kampf and loses puck.
4:20 of 2nd period - Icing by Charlie McAvoy.
4:21 of 2nd period - Patrice Bergeron wins face-off versus Ryan Donato in Boston Bruins zone.
4:50 of 2nd period - Snap shot by Andre Burakovsky.
4:50 of 2nd period - Stopped by David Rittich with a rebound.
4:58 of 2nd period - Wrist shot by Andre Burakovsky.
4:58 of 2nd period - Deflect By Conor Garland.
4:58 of 2nd period - Stopped by David Rittich with a rebound.
5:12 of 2nd period - Snap shot by Pavel Zacha.
5:12 of 2nd period - Shot Blocked by Mikael Granlund.
5:57 of 2nd period - Wrist shot by Patrice Bergeron.
5:57 of 2nd period - Stopped by David Rittich with a rebound.
5:59 of 2nd period - Snap shot by Pierre-Luc Dubois.
5:59 of 2nd period - Stopped by David Rittich with a rebound.
6:35 of 2nd period - Backhand shot by Patrice Bergeron.
6:35 of 2nd period - Shot Misses the Net.
6:37 of 2nd period - Slapshot by Adam Larsson.
6:37 of 2nd period - Shot Blocked by Victor Mete.
6:53 of 2nd period - Minor Penalty to Matt Benning for Roughing.
6:54 of 2nd period - Nathan MacKinnon wins face-off versus Ryan Donato in New York Rangers zone.
8:38 of 2nd period - Slapshot by Mikael Granlund.
8:38 of 2nd period - Shot Blocked by Matt Grzelcyk.
8:49 of 2nd period - Off-side.
8:50 of 2nd period - Nathan MacKinnon wins face-off versus Vincent Trocheck in neutral zone.
8:53 of 2nd period - Penalty to Matt Benning is over, Matt Benning is back on ice.
8:53 of 2nd period - Phil Kessel is hit by Patrice Bergeron and loses puck.
9:49 of 2nd period - Jordan Spence is hit by Carl Hagelin.
9:53 of 2nd period - Eric Robinson is hit by Jordan Spence and loses puck.
10:16 of 2nd period - Icing by Mason Appleton.
10:17 of 2nd period - Patrice Bergeron wins face-off versus Morgan Geekie in Boston Bruins zone.
10:50 of 2nd period - Snap shot by Anthony Beauvillier.
10:50 of 2nd period - Stopped by Igor Shesterkin without a rebound.
10:51 of 2nd period - Anthony Beauvillier wins face-off versus Nathan MacKinnon in New York Rangers zone.
10:52 of 2nd period - Snap shot by Pavel Zacha.
10:52 of 2nd period - Stopped by Igor Shesterkin without a rebound.
10:53 of 2nd period - Nathan MacKinnon wins face-off versus Pavel Zacha in New York Rangers zone.
10:58 of 2nd period - Anthony Beauvillier is hit by Dmitry Kulikov and loses puck.
11:05 of 2nd period - Slapshot by Victor Mete.
11:05 of 2nd period - Shot Misses the Net.
11:50 of 2nd period - Snap shot by Conor Garland.
11:50 of 2nd period - Goal by Conor Garland - New York Rangers : 2 - Boston Bruins : 0.
11:51 of 2nd period - Patrice Bergeron wins face-off versus Vincent Trocheck in neutral zone.
12:04 of 2nd period - Wrist shot by Pierre-Luc Dubois.
12:04 of 2nd period - Shot Misses the Net.
12:06 of 2nd period - Slapshot by Jake McCabe.
12:06 of 2nd period - Stopped by David Rittich with a rebound.
12:08 of 2nd period - Slapshot by Jake McCabe.
12:08 of 2nd period - Shot Blocked by Jordan Spence.
12:30 of 2nd period - Snap shot by Joel Farabee.
12:30 of 2nd period - Stopped by Igor Shesterkin without a rebound.
12:31 of 2nd period - Patrice Bergeron wins face-off versus Ryan Donato in New York Rangers zone.
12:31 of 2nd period - Patrice Bergeron is hit by Ryan Donato.
12:36 of 2nd period - Off-side.
12:37 of 2nd period - T.J. Oshie wins face-off versus Ryan Donato in neutral zone.
12:52 of 2nd period - Wrist shot by Ryan Donato.
12:52 of 2nd period - Shot Blocked by Pierre-Luc Dubois.
13:34 of 2nd period - Matt Grzelcyk is hit by Mark Giordano and loses puck.
15:16 of 2nd period - Slapshot by Patrice Bergeron.
15:16 of 2nd period - Shot Blocked by Danton Heinen.
15:42 of 2nd period - Off-side.
15:43 of 2nd period - Vincent Trocheck wins face-off versus Nathan MacKinnon in neutral zone.
15:45 of 2nd period - Charlie McAvoy is hit by Matt Benning and loses puck.
15:48 of 2nd period - Slapshot by Samuel Girard.
15:48 of 2nd period - Shot Misses the Net.
15:50 of 2nd period - Slapshot by Brandon Hagel.
15:50 of 2nd period - Stopped by Igor Shesterkin with a rebound.
16:41 of 2nd period - Wrist shot by Ryan Donato.
16:41 of 2nd period - Goal by Ryan Donato - New York Rangers : 2 - Boston Bruins : 1.
16:42 of 2nd period - Vincent Trocheck wins face-off versus Pierre-Luc Dubois in neutral zone.
16:47 of 2nd period - Wrist shot by Phil Kessel.
16:47 of 2nd period - Deflect By Brandon Hagel.
16:47 of 2nd period - Stopped by Igor Shesterkin with a rebound.
16:49 of 2nd period - Slapshot by Jordan Spence.
16:49 of 2nd period - Stopped by Igor Shesterkin without a rebound.
16:50 of 2nd period - Patrice Bergeron wins face-off versus Vincent Trocheck in New York Rangers zone.
17:49 of 2nd period - Snap shot by Patrice Bergeron.
17:49 of 2nd period - Stopped by David Rittich with a rebound.
18:25 of 2nd period - Snap shot by Patrice Bergeron.
18:25 of 2nd period - Shot Blocked by Jordan Spence.
18:33 of 2nd period - Slapshot by Tyson Barrie.
18:33 of 2nd period - Stopped by Igor Shesterkin with a rebound.
18:35 of 2nd period - Slapshot by Phil Kessel.
18:35 of 2nd period - Goal by Phil Kessel - New York Rangers : 2 - Boston Bruins : 2.
18:36 of 2nd period - Pavel Zacha wins face-off versus Blake Wheeler in neutral zone.
18:38 of 2nd period - Off-side.
18:39 of 2nd period - Pavel Zacha wins face-off versus Nathan MacKinnon in neutral zone.
18:52 of 2nd period - Wrist shot by Blake Wheeler.
18:52 of 2nd period - Stopped by David Rittich without a rebound.
18:53 of 2nd period - Pavel Zacha wins face-off versus David Kampf in Boston Bruins zone.
19:06 of 2nd period - Wrist shot by Pavel Zacha.
19:06 of 2nd period - Shot Misses the Net.
19:08 of 2nd period - Double Minor Penalty to Conor Garland for Roughing.
19:09 of 2nd period - Mikael Granlund wins face-off versus Ryan Donato in New York Rangers zone.
19:22 of 2nd period - Snap shot by Ryan Donato.
19:22 of 2nd period - Shot Misses the Net.
19:24 of 2nd period - Slapshot by Samuel Girard.
19:24 of 2nd period - Deflect By Mason Appleton.
19:24 of 2nd period - Stopped by Igor Shesterkin with a rebound.
19:34 of 2nd period - Snap shot by Vincent Trocheck.
19:34 of 2nd period - Goal by Vincent Trocheck - New York Rangers : 2 - Boston Bruins : 3.
19:35 of 2nd period - Vincent Trocheck wins face-off versus Nathan MacKinnon in neutral zone.
19:44 of 2nd period - Wrist shot by Pavel Zacha.
19:44 of 2nd period - Shot Misses the Net.
Goals for this period are 2 for New York Rangers vs 3 for Boston Bruins.
Shots for this period are 15 for New York Rangers vs 12 for Boston Bruins.
3rd period
0:01 of 3rd period - Nathan MacKinnon wins face-off versus Vincent Trocheck in neutral zone.
1:23 of 3rd period - Samuel Girard is hit by Nathan MacKinnon and loses puck.
1:34 of 3rd period - Penalty to Conor Garland is over, Conor Garland is back on ice.
2:14 of 3rd period - Slapshot by Jake McCabe.
2:14 of 3rd period - Shot Misses the Net.
2:48 of 3rd period - Matt Benning is hit by Phil Kessel and loses puck.
3:21 of 3rd period - Snap shot by Pierre-Luc Dubois.
3:21 of 3rd period - Shot Misses the Net.
3:39 of 3rd period - Slapshot by Pavel Zacha.
3:39 of 3rd period - Stopped by Igor Shesterkin without a rebound.
3:40 of 3rd period - Nathan MacKinnon wins face-off versus Anthony Beauvillier in New York Rangers zone.
3:50 of 3rd period - Cam Fowler is hit by Pavel Zacha and loses puck.
4:05 of 3rd period - Tyler Motte is hit by Brandon Hagel and loses puck.
4:12 of 3rd period - Snap shot by Phil Kessel.
4:12 of 3rd period - Shot Misses the Net.
4:30 of 3rd period - Matt Benning is hit by Ryan Donato.
4:46 of 3rd period - Pavel Zacha is hit by David Kampf.
4:50 of 3rd period - Conor Garland is hit by Pavel Zacha and loses puck.
4:57 of 3rd period - Slapshot by Dmitry Kulikov.
4:57 of 3rd period - Shot Misses the Net.
5:23 of 3rd period - Blake Wheeler is hit by Danton Heinen and loses puck.
5:36 of 3rd period - Pavel Zacha is hit by Adam Larsson and loses puck.
5:43 of 3rd period - Slapshot by Eric Robinson.
5:43 of 3rd period - Shot Misses the Net.
6:00 of 3rd period - Vincent Trocheck is hit by T.J. Oshie and loses puck.
6:05 of 3rd period - Wrist shot by Pierre-Luc Dubois.
6:05 of 3rd period - Shot Blocked by Matt Grzelcyk.
6:07 of 3rd period - Snap shot by T.J. Oshie.
6:07 of 3rd period - Shot Misses the Net.
6:23 of 3rd period - Snap shot by Conor Garland.
6:23 of 3rd period - Stopped by David Rittich with a rebound.
6:25 of 3rd period - Snap shot by David Kampf.
6:25 of 3rd period - Shot Misses the Net.
6:27 of 3rd period - Snap shot by Andre Burakovsky.
6:27 of 3rd period - Shot Blocked by Vincent Trocheck.
6:56 of 3rd period - Mikael Granlund is hit by Joel Farabee and loses puck.
7:01 of 3rd period - Wrist shot by Anthony Beauvillier.
7:01 of 3rd period - Stopped by Igor Shesterkin with a rebound.
7:07 of 3rd period - Tyson Barrie is hit by Nathan MacKinnon and loses puck.
7:37 of 3rd period - Dmitry Kulikov is hit by Morgan Geekie and loses puck.
7:54 of 3rd period - Slapshot by Carl Hagelin.
7:54 of 3rd period - Shot Misses the Net.
7:56 of 3rd period - Slapshot by Dmitry Kulikov.
7:56 of 3rd period - Shot Misses the Net.
7:58 of 3rd period - Snap shot by Carl Hagelin.
7:58 of 3rd period - Stopped by David Rittich with a rebound.
8:00 of 3rd period - Slapshot by Matt Benning.
8:00 of 3rd period - Stopped by David Rittich without a rebound.
8:01 of 3rd period - Blake Wheeler wins face-off versus Ryan Donato in Boston Bruins zone.
8:06 of 3rd period - Wrist shot by Blake Wheeler.
8:06 of 3rd period - Stopped by David Rittich with a rebound.
8:08 of 3rd period - Snap shot by Mikael Granlund.
8:08 of 3rd period - Deflect By Blake Wheeler.
8:08 of 3rd period - Shot Blocked by Ryan Donato.
8:08 of 3rd period - Puck is out of play.
8:09 of 3rd period - Nathan MacKinnon wins face-off versus Ryan Donato in Boston Bruins zone.
8:10 of 3rd period - Snap shot by Mikael Granlund.
8:10 of 3rd period - Stopped by David Rittich without a rebound.
8:11 of 3rd period - Ryan Donato wins face-off versus Blake Wheeler in Boston Bruins zone.
8:11 of 3rd period - Ryan Donato is hit by Adam Larsson.
8:14 of 3rd period - Minor Penalty to Samuel Girard for High sticking.
8:15 of 3rd period - Vincent Trocheck wins face-off versus Patrice Bergeron in Boston Bruins zone.
8:23 of 3rd period - Wrist shot by Phil Kessel.
8:23 of 3rd period - Shot Blocked by Mark Giordano.
10:14 of 3rd period - Penalty to Samuel Girard is over, Samuel Girard is back on ice.
10:19 of 3rd period - Slapshot by Ryan Donato.
10:19 of 3rd period - Shot Blocked by Jake McCabe.
10:21 of 3rd period - Snap shot by Mason Appleton.
10:21 of 3rd period - Stopped by Igor Shesterkin with a rebound.
10:23 of 3rd period - Slapshot by Tyson Barrie.
10:23 of 3rd period - Shot Misses the Net.
10:25 of 3rd period - Backhand shot by Mason Appleton.
10:25 of 3rd period - Shot Misses the Net.
10:37 of 3rd period - David Kampf is hit by Morgan Geekie and loses puck.
11:04 of 3rd period - Samuel Girard is hit by Jake McCabe and loses puck.
11:19 of 3rd period - Wrist shot by Morgan Geekie.
11:19 of 3rd period - Stopped by Igor Shesterkin with a rebound.
12:14 of 3rd period - T.J. Oshie is hit by Morgan Geekie and loses puck.
12:50 of 3rd period - Icing by Eric Robinson.
12:51 of 3rd period - Pavel Zacha wins face-off versus Eric Robinson in New York Rangers zone.
12:54 of 3rd period - Backhand shot by Joel Farabee.
12:54 of 3rd period - Stopped by Igor Shesterkin with a rebound.
12:56 of 3rd period - Slapshot by Jordan Spence.
12:56 of 3rd period - Shot Blocked by Eric Robinson.
12:58 of 3rd period - Wrist shot by Vincent Trocheck.
12:58 of 3rd period - Shot Blocked by Tyler Motte.
13:00 of 3rd period - Slapshot by Tyson Barrie.
13:00 of 3rd period - Shot Misses the Net.
13:02 of 3rd period - Slapshot by Jordan Spence.
13:02 of 3rd period - Shot Blocked by Eric Robinson.
13:10 of 3rd period - Wrist shot by Carl Hagelin.
13:10 of 3rd period - Goal by Carl Hagelin - New York Rangers : 3 - Boston Bruins : 3.
13:11 of 3rd period - Nathan MacKinnon wins face-off versus Pavel Zacha in neutral zone.
13:14 of 3rd period - Slapshot by Cam Fowler.
13:14 of 3rd period - Shot Misses the Net.
13:16 of 3rd period - Snap shot by Blake Wheeler.
13:16 of 3rd period - Shot Misses the Net.
13:18 of 3rd period - Slapshot by Adam Larsson.
13:18 of 3rd period - Stopped by David Rittich with a rebound.
13:20 of 3rd period - Wrist shot by Blake Wheeler.
13:20 of 3rd period - Stopped by David Rittich with a rebound.
13:22 of 3rd period - Snap shot by Blake Wheeler.
13:22 of 3rd period - Stopped by David Rittich with a rebound.
13:24 of 3rd period - Wrist shot by Nathan MacKinnon.
13:24 of 3rd period - Shot Misses the Net.
13:32 of 3rd period - Pavel Zacha is hit by Cam Fowler and loses puck.
13:45 of 3rd period - Cam Fowler is hit by Vincent Trocheck and loses puck.
14:08 of 3rd period - Wrist shot by Eric Robinson.
14:08 of 3rd period - Stopped by David Rittich with a rebound.
14:10 of 3rd period - Snap shot by Carl Hagelin.
14:10 of 3rd period - Goal by Carl Hagelin - New York Rangers : 4 - Boston Bruins : 3.
14:11 of 3rd period - Nathan MacKinnon wins face-off versus Pavel Zacha in neutral zone.
14:16 of 3rd period - Snap shot by Nathan MacKinnon.
14:16 of 3rd period - Shot Misses the Net.
14:18 of 3rd period - Snap shot by Adam Larsson.
14:18 of 3rd period - Shot Blocked by Tyson Barrie.
14:20 of 3rd period - Slapshot by Adam Larsson.
14:20 of 3rd period - Stopped by David Rittich without a rebound.
14:21 of 3rd period - Pavel Zacha wins face-off versus Nathan MacKinnon in Boston Bruins zone.
14:21 of 3rd period - Pavel Zacha is hit by Blake Wheeler.
14:36 of 3rd period - Off-side.
14:37 of 3rd period - Phil Kessel wins face-off versus David Kampf in neutral zone.
14:42 of 3rd period - Snap shot by Vincent Trocheck.
14:42 of 3rd period - Shot Misses the Net.
14:49 of 3rd period - Slapshot by Conor Garland.
14:49 of 3rd period - Stopped by David Rittich without a rebound.
14:50 of 3rd period - Pavel Zacha wins face-off versus Mikael Granlund in Boston Bruins zone.
15:27 of 3rd period - Wrist shot by Ryan Donato.
15:27 of 3rd period - Stopped by Igor Shesterkin without a rebound.
15:28 of 3rd period - Vincent Trocheck wins face-off versus Nathan MacKinnon in New York Rangers zone.
15:58 of 3rd period - Off-side.
15:59 of 3rd period - Ryan Donato wins face-off versus David Kampf in neutral zone.
16:15 of 3rd period - Wrist shot by Mason Appleton.
16:15 of 3rd period - Stopped by Igor Shesterkin with a rebound.
16:17 of 3rd period - Slapshot by Victor Mete.
16:17 of 3rd period - Stopped by Igor Shesterkin without a rebound.
16:18 of 3rd period - Vincent Trocheck wins face-off versus Tyler Motte in New York Rangers zone.
16:21 of 3rd period - Snap shot by Phil Kessel.
16:21 of 3rd period - Shot Misses the Net.
16:23 of 3rd period - Slapshot by Phil Kessel.
16:23 of 3rd period - Deflect By Mark Giordano.
16:23 of 3rd period - Stopped by Igor Shesterkin with a rebound.
16:25 of 3rd period - Wrist shot by Phil Kessel.
16:25 of 3rd period - Stopped by Igor Shesterkin with a rebound.
16:27 of 3rd period - Snap shot by Phil Kessel.
16:27 of 3rd period - Deflect By Vincent Trocheck.
16:27 of 3rd period - Stopped by Igor Shesterkin with a rebound.
16:29 of 3rd period - Snap shot by Tyson Barrie.
16:29 of 3rd period - Shot Blocked by Jake McCabe.
16:31 of 3rd period - Slapshot by Jordan Spence.
16:31 of 3rd period - Stopped by Igor Shesterkin without a rebound.
16:32 of 3rd period - Ryan Donato wins face-off versus David Kampf in New York Rangers zone.
16:33 of 3rd period - Snap shot by Charlie McAvoy.
16:33 of 3rd period - Stopped by Igor Shesterkin without a rebound.
16:34 of 3rd period - David Kampf wins face-off versus Mason Appleton in New York Rangers zone.
16:39 of 3rd period - Wrist shot by Charlie McAvoy.
16:39 of 3rd period - Stopped by Igor Shesterkin with a rebound.
16:41 of 3rd period - Slapshot by Samuel Girard.
16:41 of 3rd period - Stopped by Igor Shesterkin without a rebound.
16:42 of 3rd period - Ryan Donato wins face-off versus David Kampf in New York Rangers zone.
17:06 of 3rd period - Off-side.
17:07 of 3rd period - Vincent Trocheck wins face-off versus Tyler Motte in neutral zone.
17:10 of 3rd period - Snap shot by Phil Kessel.
17:10 of 3rd period - Stopped by Igor Shesterkin without a rebound.
17:11 of 3rd period - Vincent Trocheck wins face-off versus Tyler Motte in New York Rangers zone.
18:04 of 3rd period - Wrist shot by Pavel Zacha.
18:04 of 3rd period - Shot Blocked by Mikael Granlund.
18:34 of 3rd period - Charlie McAvoy is hit by Pierre-Luc Dubois and loses puck.
18:51 of 3rd period - Brock McGinn is hit by Tyler Motte.
19:05 of 3rd period - Boston Bruins, David Rittich is pulled from the net.
19:16 of 3rd period - Snap shot by Phil Kessel.
19:16 of 3rd period - Shot Blocked by Cam Fowler.
19:18 of 3rd period - Wrist shot by Vincent Trocheck.
19:18 of 3rd period - Stopped by Igor Shesterkin without a rebound.
19:19 of 3rd period - Ben Simon call a timeout for Boston Bruins.
19:19 of 3rd period - Vincent Trocheck wins face-off versus Nathan MacKinnon in New York Rangers zone.
Goals for this period are 2 for New York Rangers vs 0 for Boston Bruins.
Shots for this period are 13 for New York Rangers vs 17 for Boston Bruins.
Back to the Top